 Dungeon Crawl Stone Soup version 0.20.1-1-g8b1a95d (webtiles) character file.

169 renl the Shield-Bearer (level 5, -3/42 HPs)
             Began as a Formicid Fighter on July 23, 2017.
             Killed from afar by Wiilli's ghost (6 damage)
             ... with a sting
             ... on level 4 of the Dungeon.
             The game lasted 00:07:53 (2030 turns).

renl the Shield-Bearer (Formicid Fighter)           Turns: 2030, Time: 00:07:54

Health: -3/42      AC:  6    Str: 26    XL:     5   Next: 79%
Magic:  5/5        EV:  9    Int:  8    God:
Gold:   186        SH: 10    Dex: 10    Spells: 4/4 levels left

rFire    . . .     SeeInvis +   a - +0 long sword
rCold    . . .     Gourm    .   c - +0 shield
rNeg     . . .     Faith    .   h - +3 leather armour
rPois    .         Spirit   .   (helmet unavailable)
rElec    .         Reflect  .   (no cloak)
rCorr    .         Harm     .   (no gloves)
MR       .....                  (no boots)
Stlth    +.........             (no amulet)
Regen    0.2/turn               x - ring of flight
MPRegen  0.1/turn               (no ring)

@: mighty, lethally poisoned (-3 -> -18), flying
A: permanent stasis, dig shafts and tunnels, four strong arms, antennae 3
a: Dig, Shaft Self


You were on level 4 of the Dungeon.
You were not hungry.

You visited 1 branch of the dungeon, and saw 4 of its levels.

You collected 186 gold pieces.

Inventory:

Hand Weapons
 a - a +0 long sword (weapon)
Missiles
 z - a steel tomahawk (quivered)
Armour
 c - a +0 shield (worn)
 h - a +3 leather armour (worn)
Jewellery
 x - a ring of flight (left hand)
Wands
 w - a wand of scattershot (4/9)
Scrolls
 e - a scroll of recharging {unknown}
 k - 5 scrolls of identify {unknown}
 n - a scroll of magic mapping {unknown}
 o - a scroll of enchant weapon {unknown}
 p - a scroll of blinking {unknown}
 q - a scroll of teleportation {unknown}
 r - a scroll of fog {unknown}
 t - a scroll of amnesia {unknown}
Potions
 g - 2 potions of flight
 i - a potion of lignification {unknown}
 j - 2 potions of curing {unknown}
 l - 2 potions of degeneration {unknown}
 s - a potion of invisibility {unknown}
 v - 2 potions of heal wounds {unknown}
Books
 u - a book of Misfortune

   Spells                             Type                      Level
   a - Confusing Touch                Hexes                        1
   b - Confuse                        Hexes                        3
   c - Gell's Gravitas                Translocation                3
   d - Petrify                        Transmutation/Earth          4
   e - Metabolic Englaciation         Hexes/Ice                    5
   f - Yara's Violent Unravelling     Hexes/Transmutation          5
Comestibles
 b - 8 chunks of flesh
 f - a bread ration
 m - a royal jelly


   Skills:
 + Level 4.1 Fighting
 + Level 3.8 Long Blades
 + Level 4.0 Armour
 + Level 4.7 Shields


You had 4 spell levels left.
You didn't know any spells.

Dungeon Overview and Level Annotations

Branches:
Dungeon (4/15)
 Temple: D:4-7

Altars:
Okawaru

Annotations:
D:4 Wiilli's ghost, amateur GrVM


Innate Abilities, Weirdness & Mutations

You cannot be hasted, slowed, berserked, paralysed or teleported.
You can dig through walls and to a lower floor.
Your four strong arms can wield two-handed weapons with a shield.
You have a pair of large antennae on your head. (SInv)


Message History

You feel very mighty all of a sudden.
* * * LOW HITPOINT WARNING * * *
You feel sick.
Wiilli's ghost points at you and mumbles some strange words.
The sting hits you!
You are lethally poisoned!
* * * LOW HITPOINT WARNING * * *
You slash Wiilli's ghost!
Wiilli's ghost is moderately damaged.
* * * LOW HITPOINT WARNING * * *
You feel sick. Wiilli's ghost barely misses you.
It was a potion of flight.
You feel very buoyant.
You fly up into the air.
* * * LOW HITPOINT WARNING * * *
You feel sick.
Wiilli's ghost gestures at you while chanting.
The sting hits you!
You are more poisoned.
You die...

... #.....#...... ...
#.....#...... ... #.....#......
#######'##### ###+###......
.#...........# #...##. .
.'...........# #...##.
...#...........# .......
...#...........###+### ......<.
...#....##'#####@....# ....
...######......W#....############
................#....#...........
...............รท######...<.......
..........................>......
###..............................
..'...................###########
..#...................# # +
#......#######......# #


You could see Wiilli's ghost.

Vanquished Creatures
  A hound (D:4)
  Terence (D:3)
  An ooze (D:2)
  An adder skeleton (D:4)
  3 worms (D:3)
  A dart slug (D:1)
  A leopard gecko (D:1)
  13 orcs
  A ball python (D:4)
  2 giant cockroaches
  6 goblins
  8 hobgoblins
  8 jackals
  14 kobolds
  A quokka (D:3)
  6 bats
  4 frilled lizards
  4 rats
  A plant (D:1)
77 creatures vanquished.

Notes
Turn   | Place    | Note
-------+----------+-------------------------------------------
     0 | D:1      | renl the Formicid Fighter began the quest for the Orb.
     0 | D:1      | Reached XP level 1. HP: 18/18 MP: 1/1
    65 | D:1      | Reached XP level 2. HP: 21/24 MP: 2/2
   343 | D:1      | Reached XP level 3. HP: 25/30 MP: 3/3
  1132 | D:3      | Found an iron altar of Okawaru.
  1146 | D:3      | Reached XP level 4. HP: 35/37 MP: 4/4
  1212 | D:3      | Noticed Terence
  1236 | D:3      | Killed Terence
  1268 | D:3      | Reached XP level 5. HP: 22/42 MP: 5/5
  2008 | D:4      | Noticed Wiilli's ghost (amateur GrVM)
  2030 | D:4      | Killed from afar by Wiilli's ghost

Skill      XL: |  1  2  3  4  5 |
---------------+----------------+-----
Shields        | 4 |  4.7
Fighting       | 4 |  4.1
Long Blades    | 3 |  3.8
Armour         | 4 |  4.0

Action                   |  1- 3 |  4- 6 || total
-------------------------+-------+-------++-------
Melee: Long sword        |   169 |   189 ||   358
 Abil: Dig               |     1 |     2 ||     3
  Use: Potion            |       |     2 ||     2
  Eat: Chunk             |     1 |     4 ||     5
Armor: Scale mail        |    15 |       ||    15
       Chain mail        |    68 |    64 ||   132
       Leather armour    |       |    13 ||    13
Dodge: Dodged            |    42 |    52 ||    94
Block: Shield            |    86 |   103 ||   189
       Rpst.: Long sword |    17 |    22 ||    39
